 Dungeon Crawl Stone Soup version 0.23.2-1-ga50397a (webtiles) character file.

Game seed: 3980122854736627688

1243 kae the Changer (level 8, -1/54 HPs)
             Began as a Demonspawn Transmuter on Apr 16, 2019.
             Was an Initiate of Wu Jian.
             Slain by a wyvern zombie (9 damage)
             ... on level 7 of the Dungeon.
             The game lasted 00:08:08 (7788 turns).

kae the Changer (Demonspawn Transmuter)             Turns: 7788, Time: 00:08:09

Health: -1/54      AC:  7    Str: 10    XL:     8   Next: 25%
Magic:  0/11       EV: 11    Int: 15    God:    Wu Jian [......]
Gold:   314        SH:  0    Dex: 18    Spells: 5/11 levels left

rFire    . . .     SeeInvis .     - Unarmed
rCold    . . .     Gourm    .   (no shield)
rNeg     . . .     Faith    .   b - +0 robe
rPois    .         Spirit   +   (helmet restricted)
rElec    .         Reflect  .   m - +1 cloak
rCorr    .         Harm     .   (no gloves)
MR       .....                  k - +2 pair of boots {run}
Stlth    +++.......             (no amulet)
HPRegen  0.18/turn              l - +2 ring of dexterity
MPRegen  0.12/turn              n - ring of stealth

@: heavily drained, quick
A: antennae 2, talons 1, powered by pain 1, magic shield
a: Renounce Religion


You were on level 7 of the Dungeon.
You worshipped Wu Jian.
Wu Jian was noncommittal.
You were near starving.

You visited 1 branch of the dungeon, and saw 7 of its levels.

You collected 314 gold pieces.

Inventory:

Missiles
 a - 122 arrows
Armour
 b - a +0 robe (worn)
 k - a +2 pair of boots of running (worn)
 m - a +1 cloak (worn)
Jewellery
 l - a +2 ring of dexterity (left hand)
 n - a ring of stealth (right hand)
 o - an uncursed ring of see invisible
Scrolls
 q - a scroll of fog
 s - 2 scrolls of teleportation
 u - a scroll of enchant armour
Potions
 c - 3 potions of agility
 e - a potion of berserk rage
 f - a potion of curing
 g - 3 potions of mutation
 h - 3 potions of cancellation
 i - a potion of might
 j - a potion of magic
 r - a potion of flight {unknown}
Comestibles
 d - 14 rations


   Skills:
 - Level 1.0(0.0) Fighting
 - Level 1.7(0.3) Dodging
 + Level 5.9(4.3) Unarmed Combat
 - Level 2.0(0.6) Spellcasting
 + Level 7.6(6.0) Transmutations


You had 5 spell levels left.
You knew the following spells:

 Your Spells              Type           Power        Failure   Level  Hunger
a - Beastly Appendage     Tmut           ###...       2%          1    ##.....
b - Sticks to Snakes      Tmut           ###.....     3%          2    ###....
c - Spider Form           Tmut/Pois      #.........   22%         3    ####...

Your spell library contained the following spells:

 Spells                   Type           Power        Failure   Level  Hunger
 Confusing Touch          Hex            #.....       26%         1    ##.....
 Blade Hands              Tmut           ###.......   52%         5    ######.
 Ice Form                 Ice/Tmut       #.......     58%         4    #####..
 Petrify                  Tmut/Erth      #.......     58%         4    #####..
 Confuse                  Hex            #.......     61%         3    ####...
 Gell's Gravitas          Tloc           #.........   61%         3    ####...
 Yara's Violent Unravell  Hex/Tmut       #.........   90%         5    ######.
 Metabolic Englaciation   Hex/Ice        #.........   100%        5    ######.


Dungeon Overview and Level Annotations

Branches:
Dungeon (7/15)
 Temple: D:4-7

Altars:
Fedhas
Vehumet
Wu Jian


Innate Abilities, Weirdness & Mutations

You have a pair of antennae on your head.
You have sharp toenails.
You sometimes gain a little power by taking damage.
When hurt, damage is shared between your health and your magic reserves.


Message History

You hit the wyvern zombie.
The wyvern zombie is lightly damaged.
The wyvern zombie closely misses you.
You hit the wyvern zombie.
The wyvern zombie is lightly damaged.
The wyvern zombie bites you but does no damage.
You hit the wyvern zombie.
The wyvern zombie is moderately damaged.
The wyvern zombie barely misses you.
You barely miss the wyvern zombie.
The wyvern zombie is moderately damaged.
The wyvern zombie bites you! The wyvern zombie bites you.
You barely miss the wyvern zombie.
The wyvern zombie is moderately damaged.
The wyvern zombie bites you!
* * * LOW HITPOINT WARNING * * *
You hit the wyvern zombie.
The wyvern zombie is moderately damaged.
The wyvern zombie bites you!
You die...

#.......###
#>.........
#..........
#.#######.#
#.#######+#####
#..........(...
#.#####........
#.#####.....!..
#....@Z........
#######........
#........
#........
......###
......#
......##
......#
########


You could see a wyvern zombie.

Vanquished Creatures
  Edmund (D:4)
  A black bear (D:6)
  A sky beast (D:5)
  2 ogres
  Blork the orc (D:5)
  A wight (D:5)
  A howler monkey (D:5)
  2 crimson imps
  A hound (D:7)
  An orc priest (D:3)
  4 orc wizards
  A jelly (D:6)
  A centaur skeleton (D:4)
  Ijyb (D:5)
  5 worker ants
  6 adders
  An ooze (D:1)
  An adder skeleton (D:4)
  A worm (D:3)
  2 dart slugs (D:1)
  5 leopard geckos
  9 orcs
  2 ball pythons (D:1)
  6 giant cockroaches
  13 goblins
  11 hobgoblins
  6 quokkas
  7 bats
  6 frilled lizards
  9 kobolds
  A quokka skeleton (D:6)
  A quokka zombie (D:5)
  8 rats
119 creatures vanquished.

Vanquished Creatures (collateral kills)
  A worker ant (D:5)
  An adder (D:2)
  A bat (D:2)
3 creatures vanquished.

Grand Total: 122 creatures vanquished

Notes
Turn   | Place    | Note
-------+----------+-------------------------------------------
     0 | D:1      | kae the Demonspawn Transmuter began the quest for the Orb.
     0 | D:1      | Reached XP level 1. HP: 15/15 MP: 3/3
    21 | D:1      | Reached skill level 2 in Transmutations
   268 | D:1      | Mutation became permanent: You have razor-sharp toenails.
                  | [demonic ancestry]
   268 | D:1      | Gained mutation: You have claws for feet. [demonic
                  | ancestry]
   268 | D:1      | Reached XP level 2. HP: 21/21 MP: 3/5
   631 | D:1      | Reached skill level 3 in Transmutations
   648 | D:1      | Learned a level 2 spell: Sticks to Snakes
   932 | D:1      | Lost mutation: You have a pair of horns on your head.
                  | [demonic ancestry]
   932 | D:1      | Lost mutation: You have a pair of small horns on your head.
                  | [demonic ancestry]
   932 | D:1      | Gained mutation: You have a pair of small antennae on your
                  | head. [demonic ancestry]
   932 | D:1      | Reached XP level 3. HP: 26/26 MP: 4/6
   949 | D:1      | Learned a level 3 spell: Spider Form
  1694 | D:2      | Found a blossoming altar of Fedhas.
  1782 | D:2      | Identified a +2 pair of boots of running (You found it on
                  | level 2 of the Dungeon)
  2175 | D:2      | Gained mutation: When hurt, damage is shared between your
                  | health and your magic reserves. [demonic ancestry]
  2175 | D:2      | Reached XP level 4. HP: 19/32 MP: 4/7
  2387 | D:2      | Reached skill level 4 in Transmutations
  3559 | D:3      | Reached skill level 5 in Transmutations
  3559 | D:3      | Reached XP level 5. HP: 8/37 MP: 2/8
  4075 | D:4      | Noticed Edmund
  4717 | D:4      | Noticed an ogre
  4732 | D:4      | Killed an ogre
  4732 | D:4      | Gained mutation: You have a pair of antennae on your head.
                  | [demonic ancestry]
  4732 | D:4      | Reached XP level 6. HP: 43/43 MP: 5/9
  4846 | D:4      | Found an ornate altar of the Wu Jian Council.
  4854 | D:4      | Became a worshipper of the Wu Jian Council
  5261 | D:4      | Killed Edmund
  5261 | D:4      | Reached skill level 6 in Transmutations
  5587 | D:5      | Entered Level 5 of the Dungeon
  5587 | D:5      | Noticed a sky beast
  5600 | D:5      | Killed a sky beast
  5600 | D:5      | Reached XP level 7. HP: 18/48 MP: 3/10
  5943 | D:5      | Noticed Blork the orc
  5989 | D:5      | Killed Blork the orc
  6052 | D:5      | Noticed Ijyb
  6066 | D:5      | Killed Ijyb
  6430 | D:5      | Reached skill level 5 in Unarmed Combat
  6430 | D:5      | Reached skill level 7 in Transmutations
  6760 | D:6      | Gained mutation: You sometimes gain a little power by
                  | taking damage. [demonic ancestry]
  6760 | D:6      | Reached XP level 8. HP: 49/54 MP: 5/11
  6917 | D:6      | Found a radiant altar of Vehumet.
  7788 | D:7      | Slain by a wyvern zombie

Skill      XL: |  1  2  3  4  5  6  7 |
---------------+----------------------+-----
Transmutations | 2 3 5 6 7 |  7.6
Unarmed Combat | 3 4 5 |  5.9
Fighting       | |  1.0
Dodging        | |  1.7
Spellcasting   | |  2.0

Action                   |  1- 3 |  4- 6 |  7- 9 || total
-------------------------+-------+-------+-------++-------
Melee: Unarmed           |   158 |   255 |   171 ||   584
       Kick              |    35 |       |       ||    35
       Headbutt          |     1 |       |       ||     1
       Punch             |       |     4 |     1 ||     5
 Cast: Beastly Appendage |     6 |       |       ||     6
       Sticks to Snakes  |     1 |     3 |     1 ||     5
       Spider Form       |       |     6 |    13 ||    19
Invok: Lunge             |       |       |     4 ||     4
  Use: Scroll            |     3 |     9 |     3 ||    15
       Potion            |     1 |       |       ||     1
 Stab: Sleeping          |     2 |     1 |       ||     3
       Distracted        |       |       |     1 ||     1
  Eat: Chunk             |     4 |    11 |     8 ||    23
Armor: Robe              |    31 |    51 |    12 ||    94
       Skin              |       |       |     7 ||     7
Dodge: Dodged            |    91 |   154 |   118 ||   363
